AoeStats
← Beerial

Nomad

510497739Analyzed
3v3 RM · 8h ago on Oct 1, 2026· 42m 28s· 6 players
Game mode
Random Map
Map size
210×210
Population
200
Speed
Normal
Resources
Standard
Victory
Conquest
Starting age
Dark Age
Ending age
Imperial Age
RankedLock teamsTeams togetherTeam positionsShared explorationLock speedFull tech treeHidden civsTurbo modeCheats
Victory
Defeat
🇫🇷 Turks · France
1407
+12
🇰🇷 Portuguese · South Korea
1349
+14
🇺🇸 Wei · United States
1278
+17
🇸🇪 Saracens · Sweden
1379
-16
🇸🇪 Aztecs · Sweden
1371
-24
🇸🇪 Tatars · Sweden
1195
-10
forsbackazlatan
4:34 Loom
13:39 Feudal Age
15:54 Forging
20:32 Castle Age
21:25 Medium Warships
21:54 Iron Casting
22:06 Wheelbarrow
21:46 Stone Mining
25:24 Fervor
27:21 Sanctity
29:24 Fishing Lines
30:35 Redemption
31:22 Gillnets
36:13 Imperial Age
34:38 Hand Cart
34:54 Scale Mail Armor
35:06 Squires
34:52 Arson
35:12 Pikeman
35:51 Double-Bit Axe
35:48 Horse Collar
36:01 Eagle Warrior
37:26 Block Printing
37:39 Illumination
37:18 Devotion
37:20 Atonement
37:20 Gold Mining
39:03 Chain Mail Armor
40:49 Conscription
40:57 Heresy
41:12 Theocracy
40:33 Herbal Medicine
41:16 Plate Mail Armor
41:08 Treadmill Crane
The Prayer [SE]
10:27 Loom
14:28 Feudal Age
15:07 Arson
14:43 Man-at-Arms
16:16 Double-Bit Axe
17:15 Scale Mail Armor
17:09 Fletching
25:26 Castle Age
28:02 Castle Age
26:21 Scale Barding Armor
26:29 Forging
27:14 Bloodlines
29:50 Chain Barding Armor
31:20 Iron Casting
32:14 Husbandry
33:36 Fishing Lines
Creweer
8:47 Loom
14:39 Feudal Age
18:18 Castle Age
19:29 Fletching
29:09 Bodkin Arrow
37:04 Double-Bit Axe
37:02 Horse Collar
37:38 Scale Barding Armor
37:44 Forging
38:15 Bloodlines
38:07 Husbandry
Returned_Legend
4:22 Loom
12:40 Feudal Age
13:09 Double-Bit Axe
16:22 Town Watch
17:17 Fletching
20:08 Horse Collar
22:16 Wheelbarrow
25:10 Castle Age
24:19 Gold Mining
24:20 Stone Mining
26:15 Bow Saw
26:22 Hand Cart
26:15 Heavy Plow
29:06 Gold Shaft Mining
33:22 Imperial Age
34:42 Scale Barding Armor
34:48 Forging
35:37 Conscription
35:39 Chain Barding Armor
39:10 Iron Casting
40:05 Elite Tiger Cavalry
42:48 Blast Furnace
Beerial
12:58 Feudal Age
18:03 Castle Age
16:37 Loom
16:59 Town Watch
17:02 Fishing Lines
19:59 Double-Bit Axe
24:06 Padded Archer Armor
23:57 Fletching
24:51 Bow Saw
27:10 Wheelbarrow
28:21 Horse Collar
34:37 Imperial Age
34:40 Husbandry
40:30 Conscription
42:01 Heavy Plow
jetty8282-한국인
4:46 Loom
13:41 Feudal Age
17:42 Castle Age
15:38 Stone Mining
15:40 Double-Bit Axe
16:27 Gold Mining
16:31 Horse Collar
18:38 Bow Saw
18:55 Heavy Plow
19:02 Heavy Plow
26:25 Wheelbarrow
30:28 Imperial Age
30:34 Imperial Age
29:48 Hand Cart
32:17 Chemistry
32:18 Two-Man Saw
31:44 Conscription
32:24 Stone Shaft Mining
32:56 Guilds
33:21 Crop Rotation
34:19 Arquebus
35:22 Elite Organ Gun
37:57 Siege Engineers
40:04 Treadmill Crane
Connection lost

Rejoining the realm…

Still unreachable

The connection could not be restored.

Session expired

The server has moved on; the page needs a fresh start.